 Dungeon Crawl Stone Soup version 0.29.1-2-gbd0b4ee654 (webtiles) character file.

Game seed: 11093848315231001899

631 ThatDude373 the Cudgeller (level 7, 0/62 HPs)
             Began as a Minotaur Berserker on Oct 25, 2022.
             Was a Follower of Trog.
             Slain by a hound (2 damage)
             ... on level 4 of the Dungeon.
             The game lasted 00:23:44 (7254 turns).

ThatDude373 the Cudgeller (Minotaur Berserker)      Turns: 7254, Time: 00:23:44

Health: 0/62       AC:  2    Str: 24    XL:     7   Next: 24%
Magic:  6/6        EV: 12    Int:  4    God:    Trog [*.....]
Gold:   165        SH:  0    Dex:  9    Spells: 6/6 levels left

rFire   . . .      SeeInvis .   a - +0 mace
rCold   . . .      Faith    .   (no shield)
rNeg    . . .      Spirit   .   b - +0 animal skin
rPois   .          Reflect  .   (helmet restricted)
rElec   .          Harm     .   (no cloak)
rCorr   .          Rampage  .   (no gloves)
Will    .....                   (no boots)
Stlth   ++........              (no amulet)
HPRegen 0.20/turn               (no ring)
MPRegen 0.10/turn               (no ring)

@: on berserk cooldown, slowed, very slow
A: horns 2, retaliatory headbutt
a: Renounce Religion, Berserk


You were on level 4 of the Dungeon.
You worshipped Trog.
Trog was aware of your devotion.
You visited 1 branch of the dungeon, and saw 4 of its levels.

You collected 165 gold pieces.

Inventory:

Hand Weapons
 a - a +0 mace (weapon)
 e - a +0 spear
 l - a +0 short sword
 p - a +0 hand axe
 t - a +0 dagger
 A - a +0 war axe
 C - a +0 club
 G - a +0 club
 H - a +0 club
 I - a +0 spear
 J - a +0 dagger
 K - a +0 club
 L - a +0 club
 M - a +0 dagger
 N - a +0 scythe
 P - a +0 hand axe
 R - a +0 short sword
 T - a +0 club
 U - a +0 club
 V - a +0 club
 W - a +0 short sword
 X - a +0 spear
Missiles
 j - 55 stones (quivered)
Armour
 b - a +0 animal skin (worn)
 f - a +0 ring mail
 h - a +0 leather armour
 m - a +0 pair of gloves
 u - a +0 ring mail
 w - a +0 robe
 z - a +0 robe
 B - a +0 cloak
 D - a +0 robe of resistance
 O - a +0 robe
 S - a +0 leather armour
Scrolls
 d - 6 scrolls of identify {unknown}
 k - a scroll of noise {unknown}
 n - a scroll of amnesia {unknown}
 o - 2 scrolls of enchant weapon {unknown}
 q - 3 scrolls of fog {unknown}
 s - a scroll of immolation {unknown}
 v - a scroll of teleportation {unknown}
 y - a scroll of silence {unknown}
 F - a scroll of fear {unknown}
Potions
 g - a potion of haste {unknown}
 i - 2 potions of invisibility {unknown}
 r - 2 potions of brilliance {unknown}
 x - a potion of magic {unknown}
 E - a potion of flight {unknown}
 Q - a potion of mutation {unknown}


   Skills:
 + Level 5.7 Fighting
 + Level 7.1 Maces & Flails
 + Level 2.7 Armour
 + Level 4.1 Dodging
 + Level 2.5 Stealth


You had 6 spell levels left.
You didn't know any spells.
Your spell library contained the following spells:

 Spells                   Type           Power      Damage    Failure   Level
 Summon Small Mammal      Summ           0%         N/A       50%         1
 Call Canine Familiar     Summ           0%         N/A       86%         3
 Summon Guardian Golem    Hex/Summ       0%         N/A       86%         3


Dungeon Overview and Level Annotations

Branches:
Dungeon (4/15)
 Temple: D:4-7

Altars:
Ashenzari


Innate Abilities, Weirdness & Mutations

You have a pair of horns on your head.
You reflexively headbutt those who attack you in melee.


Message History

You are no longer berserk.
You are exhausted.
You feel yourself slow down.
Your attacks no longer feel as feeble.
The gnoll closely misses you.
Items here: ))) †††.
You hit the quokka.
The quokka is heavily wounded.
A hound comes into view.
The quokka bites you. The gnoll hits you with a +0 halberd!
You closely miss the quokka.
The quokka is heavily wounded.
The quokka closely misses you. You furiously retaliate!
You headbutt the quokka!
You kill the quokka!
Trog accepts your kill. The gnoll misses you.
The gnoll hits you with a +0 halberd! The gnoll closely misses you.
You see here a quokka corpse.
You closely miss the gnoll.
The hound barks!
Your headbutt misses the gnoll. The gnoll closely misses you.
The gnoll hits you with a +0 halberd.
You hit the gnoll.
The gnoll is lightly wounded.
The gnoll hits you with a +0 halberd.
You hit the gnoll.
The gnoll is moderately wounded.
The gnoll is no longer moving quickly.
The hound barely misses you. You furiously retaliate!
You headbutt the hound. The gnoll hits you with a +0 halberd!
* * * LOW HITPOINT WARNING * * *
The hound bites you.
* * * LOW HITPOINT WARNING * * *
The gnoll closely misses you.
You can't wear that.
It was a potion of berserk rage.
You're still recovering from your berserk rage.
The hound bites you.
You die...

..# #.....# #.#.... .
######.#####.#.... #.#
#..#.##.####. #.#
##.#..##......
#.###.###.######..
#......#..........
#)#####.########.. ##)##
#.####...... #g@.#
#...........
#.....h#......####.#####
..####...####.# #.# ..
.. ..# #.# ... #####.#
#.# .... #.# #.# .....
#.# .#. ...... #.. # .


You could see a hound and a gnoll.

Vanquished Creatures
  Sigmund (D:3)
  Pargi (D:3)
  An ice beast (D:4)
  A phantom (D:4)
  A gnoll bouda (D:4)
  Jessica (D:2)
  5 gnolls
  4 adders
  2 worms
  3 dart slugs
  4 orcs (D:4)
  3 ball pythons
  6 bats
  5 endoplasms
  2 giant cockroaches (D:3)
  4 goblins
  5 hobgoblins
  5 jackals
  3 quokkas
  A frilled lizard (D:2)
  3 kobolds
  4 rats
65 creatures vanquished.

Notes
Turn   | Place    | Note
-------+----------+-------------------------------------------
     0 | D:1      | ThatDude373 the Minotaur Berserker began the quest for the
                  | Orb.
     0 | D:1      | Reached XP level 1. HP: 19/19 MP: 0/0
   194 | D:1      | Reached XP level 2. HP: 15/27 MP: 1/1
   198 | D:1      | Reached skill level 4 in Maces & Flails
  1039 | D:1      | Reached XP level 3. HP: 33/33 MP: 2/2
  1680 | D:1      | Found a faded altar of an unknown god.
  3495 | D:2      | Noticed Jessica
  3502 | D:2      | Killed Jessica
  3503 | D:2      | Reached XP level 4. HP: 23/41 MP: 3/3
  5076 | D:3      | Noticed Pargi
  5089 | D:3      | Killed Pargi
  5090 | D:3      | Reached skill level 5 in Maces & Flails
  5090 | D:3      | Reached skill level 1 in Stealth
  5090 | D:3      | Reached XP level 5. HP: 32/47 MP: 4/4
  5986 | D:3      | Noticed Sigmund
  5997 | D:3      | Killed Sigmund
  5998 | D:3      | Reached skill level 5 in Fighting
  5998 | D:3      | Reached skill level 6 in Maces & Flails
  5998 | D:3      | Reached XP level 6. HP: 19/56 MP: 5/5
  6754 | D:4      | Noticed an ice beast
  6763 | D:4      | Killed an ice beast
  6768 | D:4      | Reached XP level 7. HP: 62/62 MP: 6/6
  6862 | D:4      | Found a broken altar of Ashenzari.
  7195 | D:4      | Reached skill level 7 in Maces & Flails
  7253 | D:4      | HP: 1/62 [hound (4)]
  7254 | D:4      | Slain by a hound

Illustrated notes

Levels and vault maps discovered:
D:1:      dpeg_arrival_yet_another_circle, layout_rooms,
          hellmonk_ecumenical_altar_inner_sanctum
D:2:      layout_basic, minmay_misc_feat_five, minmay_tromino_i2, uniq_jessica
D:3:      layout_basic, uniq_sigmund, uniq_pargi
D:4:      layout_loops_ring, nicolae_overflow_crystal_walls,
          hellmonk_ghost_happy_afterlife, moated_statue,
          minmay_misc_feat_four_crosses

Skill      XL: |  1  2  3  4  5  6  7 |
---------------+----------------------+-----
Maces & Flails | 4 5 6 7 |  7.1
Fighting       | 4 5 |  5.7
Dodging        | 3 4 |  4.1
Stealth        | 1 2 |  2.5
Armour         | |  2.7

Action                   |  1- 3 |  4- 6 |  7- 9 || total
-------------------------+-------+-------+-------++-------
Melee: Mace              |    51 |    52 |    31 ||   134
       Headbutt          |     3 |     7 |     1 ||    11
       Punch             |       |     1 |       ||     1
Invok: Berserk           |     9 |     4 |     2 ||    15
  Use: Potion            |       |       |     1 ||     1
 Stab: Sleeping          |       |     1 |       ||     1
Armor: Animal skin       |    14 |     9 |     2 ||    25
Dodge: Dodged            |    52 |    30 |    25 ||   107
